Map: Scalo orbitale

Players

ELGAND

  • Race: Terran Terran
  • League: Platinum

Jhyrachy

  • Race: Zerg Zerg
  • League: Silver

VOD

Have the link to the VOD?

Description

Time

  • Played on: Dec. 22, 2015, 4:20 p.m.
  • Length: 12:25
Show
View Real Time Build Order
Export as new Build Order

ELGAND Terran 

Build Orders: Reaper Expand 

Get SALT Encoding   

  12  0:09  SCV  
  14  0:21  SCV  
  14  0:26  Supply Depot  
  14  0:34  SCV  
  15  0:49  Barracks  
  15  0:53  Refinery  
  15  0:59  SCV  
  16  1:12  SCV  
  17  1:24  SCV  
  18  1:37  Reaper  
  20  1:40  Orbital Command  
  20  1:45  Command Center  
  19  1:59  Refinery  
  19  2:00  Supply Depot  
  19  2:06  SCV  
  20  2:10  Reaper  
  21  2:19  SCV  
  22  2:31  Factory  
  21  2:59  SCV  
  21  3:01  Barracks Tech Lab  
  21  3:03  Barracks Reactor  
  22  3:06  Orbital Command  
  22  3:11  SCV  
  22  3:12  Command Center  
  23  3:30  SCV  
  23  3:34  SCV  
  25  3:42  Starport, Marine x2  
  25  3:43  SCV, Factory Tech Lab  
  25  3:46  SCV  
  29  3:55  SCV  
  30  4:02  Refinery  
  30  4:06  Marine x2  
  30  4:07  SCV  
  33  4:24  Barracks  
  33  4:25  Factory Tech Lab  
  33  4:29  Cloaking Field  
  33  4:30  Banshee  
  36  4:35  Orbital Command  
  36  4:37  SCV  
  36  4:38  SCV  
  38  4:48  Marine x2  
  38  4:49  SCV  
  38  4:50  SCV  
  42  5:09  Factory Reactor  
  42  5:13  Orbital Command, Barracks  
  42  5:15  SCV  
  42  5:16  SCV  
  45  5:24  Banshee  
  45  5:26  Marine x2  
  45  5:28  SCV x2  
  51  5:40  SCV x3  
  54  5:43  Marine  
  54  5:44  Marine  
  56  5:50  Supply Depot  
  56  5:52  SCV x3  
  56  5:54  Engineering Bay x2  
  55  6:04  SCV x2  
  55  6:05  SCV  
  58  6:13  Refinery  
  58  6:16  SCV x2  
  58  6:17  SCV  
  61  6:22  Terran Infantry Weapons Level 1, Terran Infantry Armor Level 1, Liberator  
  61  6:24  Stimpack  
  61  6:25  Marauder  
  63  6:28  SCV  
  64  6:34  Barracks  
  64  6:41  Factory Reactor  
  64  6:43  Marine x2  
  69  6:56  Supply Depot  
  69  6:59  Supply Depot  
  69  7:01  Missile Turret  
  69  7:03  Missile Turret  
  69  7:05  Missile Turret  
  69  7:08  Missile Turret  
  69  7:18  Missile Turret, Marauder  
  71  7:23  Command Center  
  71  7:37  Supply Depot  
  71  7:42  Barracks  
  71  7:44  Factory Reactor  
  71  7:46  Marauder  
  71  7:47  Marauder  
  71  7:48  Marine x4  
  79  7:51  Medivac x2  
  83  8:06  Marine x2  
  83  8:08  Marauder x2  
  83  8:09  Missile Turret  
  89  8:15  Armory  
  89  8:24  SCV x3  
  92  8:30  Missile Turret, Supply Depot  
  92  8:31  Supply Depot  
  92  8:33  Liberator  
  92  8:34  Liberator  
  92  8:36  SCV x3  
  92  8:39  Barracks  
  95  8:44  Factory Reactor, Marine  
  95  8:45  Marauder x2  
  95  8:46  Marine x5  
  111  8:56  Orbital Command, Supply Depot  
  111  9:02  Marine  
  112  9:06  Marauder  
  114  9:11  Marine  
  114  9:12  Marine x5  
  114  9:14  Refinery  
  120  9:19  Refinery, Marine  
  121  9:28  Marauder  
  121  9:29  Marine x2  
  121  9:31  Marauder  
  127  9:41  Supply Depot  
  127  9:43  Marine x4  
  127  9:45  Factory Reactor  
  131  9:47  Liberator, Marine  
  132  10:00  Marine x4  
  132  10:01  Marine x3  
  132  10:04  Medivac  
  132  10:05  Marine  
  145  10:10  Supply Depot  
  145  10:12  Supply Depot  
  145  10:14  Terran Ship Weapons Level 1  
  145  10:18  Marine x3  
  148  10:22  Supply Depot  
  148  10:23  Barracks  
  148  10:32  Orbital Command  
  148  10:33  Marine  
  148  10:34  Marine x6  
  155  10:36  Marine x3  
  158  10:51  Marine x2  
  158  10:52  Marine x5  
  158  10:54  Marine x3  
  168  10:59  Command Center  
  168  11:09  Marine x4  
  172  11:41  Marine  
  172  11:42  Marine  
Show
View Real Time Build Order
Export as new Build Order

Jhyrachy Zerg 

Build Orders: Hatch First 

Get SALT Encoding   

  12  0:01  Drone  
  13  0:07  Drone  
  14  0:18  Extractor  
  14  0:19  Extractor  
  14  0:20  Drone  
  13  0:22  Drone  
  13  0:27  Overlord  
  16  0:53  Drone  
  16  0:54  Hatchery  
  16  0:59  Drone  
  16  1:03  Overlord  
  17  1:19  Spawning Pool  
  17  1:20  Drone  
  17  1:27  Drone  
  18  1:48  Drone x2  
  18  1:51  Overlord  
  20  2:15  Queen  
  22  2:16  Queen  
  24  2:25  Zergling x6  
  27  2:30  Hatchery  
  27  2:44  Spine Crawler  
  26  3:08  Hatchery  
  24  3:24  Queen  
  24  3:26  Queen  
  27  3:37  Drone x4  
  27  3:38  Drone  
  27  3:40  Drone  
  33  4:11  Queen  
  35  4:35  Queen  
  38  4:38  Drone  
  38  4:39  Drone x4  
  38  4:42  Overlord x4  
  42  4:51  Spore Crawler  
  41  4:57  Spore Crawler  
  40  5:06  Drone x4  
  45  5:07  Drone x4  
  48  5:17  Spore Crawler  
  48  5:19  Spore Crawler  
  46  5:24  Spore Crawler  
  45  5:29  Spore Crawler  
  45  5:33  Queen  
  46  5:42  Queen  
  48  6:24  Extractor  
  47  6:29  Extractor  
  46  6:45  Queen x2  
  46  6:46  Queen  
  52  6:47  Overlord x3  
  52  6:48  Overlord x2  
  52  6:56  Hatchery  
  51  7:18  Drone x4  
  51  7:19  Drone x5  
  51  7:20  Drone  
  61  7:39  Queen x3  
  67  8:11  Queen  
  67  8:12  Hatchery  
  68  8:22  Lair  
  68  8:38  Drone x12  
  68  8:39  Drone x9  
  89  9:06  Metabolic Boost  
  89  9:21  Pneumatized Carapace  
  89  9:23  Overseer  
  89  9:24  Overseer x3  
  89  9:41  Drone  
  89  9:42  Drone x6  
  89  9:43  Drone x3  
  99  9:48  Drone x4  
  99  9:50  Queen  
  105  9:57  Extractor  
  104  10:00  Extractor  
  103  10:18  Evolution Chamber  
  103  10:20  Evolution Chamber  
  101  10:24  Roach Warren  
  101  10:27  Baneling Nest  
  97  11:08  Roach x14  
  97  11:10  Overlord x3  
  97  11:11  Overlord x2  
  119  11:40  Ravager x4  
  119  11:41  Ravager x4  
Tags
 
Add a new tag
Caveats
  • Supply blocks, unpowered buildings, or Contaminate may cause inaccurate times.
  • Supply counts are checked every 10 seconds.